 Seeded DCSS version 0.25.1-2-g60ff931df9 (webtiles) character file.

Game seed: 12134159514649495260 (custom seed)

51 sahdkjhfkaj the Shield-Bearer (level 3, 0/26 HPs)
             Began as an Octopode Fighter on Oct 6, 2020.
             Succumbed to a kobold's poison
             ... on level 2 of the Dungeon.
             The game lasted 00:01:13 (1354 turns).

sahdkjhfkaj the Shield-Bearer (Octopode Fighter)    Turns: 1354, Time: 00:01:14

Health: 0/26       AC:  1    Str: 22      XL:     3   Next: 83%
Magic:  3/3        EV: 11    Int:  7 (10) God:
Gold:   62         SH:  9    Dex: 11      Spells: 2/2 levels left

rFire    . . .     SeeInvis .   a - +0 trident
rCold    . . .     Gourm    .   b - +0 kite shield
rNeg     . . .     Faith    .   (helmet restricted)
rPois    .         Spirit   .   j - amulet of regeneration
rElec    .         Reflect  .   f - +6 ring of strength
rCorr    .         Harm     .   (no ring)
MR       .....                  (no ring)
Stlth    ++........             (no ring)
HPRegen  0.48/turn              (no ring)
MPRegen  0.08/turn              (no ring)
                                (no ring)
                                (no ring)

@: lethally poisoned (0 -> -20), flying, hasted, very quick
A: almost no armour, stealthy swim, amphibious, 8 rings, constrict 8, camouflage
1, gelatinous body 1
a: no special abilities


You were on level 2 of the Dungeon.
You were not hungry.

You visited 1 branch of the dungeon, and saw 2 of its levels.

You collected 62 gold pieces.

Inventory:

Hand Weapons
 a - a +0 trident (weapon)
Armour
 b - a +0 kite shield (worn)
Jewellery
 f - a +6 ring of strength (left tentacle)
 j - an amulet of regeneration (around mantle)
Scrolls
 e - 2 scrolls of amnesia
 g - a scroll of enchant weapon {unknown}
 h - a scroll of remove curse
 l - a scroll of fear
 m - a scroll of blinking
Potions
 c - a potion of might
 i - a potion of cancellation {unknown}
 n - 2 potions of flight
Comestibles
 d - a ration


   Skills:
 + Level 3.3 Fighting
 * Level 2.8 Polearms
 + Level 3.2 Dodging
 * Level 3.6 Shields


You had 2 spell levels left.
You didn't know any spells.
Your spell library was empty.

Dungeon Overview and Level Annotations

Branches:
Dungeon (2/15)

Altars:


Innate Abilities, Weirdness & Mutations

You cannot wear most types of armour.
You are very stealthy in the water. (Stealth+)
You are amphibious.
You can wear up to eight rings at the same time.
You can use your tentacles to constrict eight enemies at once.
Your skin changes colour to match your surroundings (Stealth+).
Your rubbery body absorbs attacks. (AC +1, EV +1)


Message History

You are too injured to fight recklessly!
You are too injured to fight recklessly!
You are too injured to fight recklessly!
You are too injured to fight recklessly!
You feel sick.
It was a potion of haste.
You feel yourself speed up.
You feel sick. The adder bites you.
You are more poisoned.
The adder poisons you!
The kobold hits you with a +1 dagger of venom.
* * * LOW HITPOINT WARNING * * *
You are more poisoned.
It was a potion of flight.
You feel very buoyant.
You fly up into the air.
* * * LOW HITPOINT WARNING * * *
You feel sick. The adder closely misses you. You block the kobold's attack.
* * * LOW HITPOINT WARNING * * *
You feel sick.
You die...

##############
#............#####
####@###.#...........
#....# #.######.#####
###.##S###.# #.#
#.....K.##.# #.#
#....†..##.# #.#
#....#...##.# #.#
#...#>#..##.# #.#
#....#...##.# #.#
#"... ...##.#


You could see an adder and a kobold.

Vanquished Creatures
  3 adders (D:2)
  A dart slug (D:1)
  A leopard gecko (D:1)
  A ball python (D:1)
  2 giant cockroaches
  A goblin (D:1)
  2 hobgoblins
  3 jackals (D:1)
  A frilled lizard (D:1)
  4 kobolds
  3 rats (D:1)
22 creatures vanquished.

Notes
Turn   | Place    | Note
-------+----------+-------------------------------------------
     0 | D:1      | sahdkjhfkaj the Octopode Fighter began the quest for the
                  | Orb.
     0 | D:1      | Reached XP level 1. HP: 16/16 MP: 1/1
   377 | D:1      | Reached XP level 2. HP: 21/21 MP: 2/2
  1148 | D:2      | Reached XP level 3. HP: 26/26 MP: 3/3
  1353 | D:2      | HP: 1/26 [poisoned by a kobold]
  1354 | D:2      | Succumbed to a kobold's poison

Illustrated notes

Levels and vault maps discovered:
D:1:      wheals_arrival_linesprint, layout_basic, minmay_tromino_v4_b
D:2:      kennysheep_the_goblin_king, layout_loops_ring, kennysheep_nub,
          st_stairs_14, uniq_natasha

Action                   || total
-------------------------++-------
Melee: Trident           ||    49
       Constrict         ||    13
       Tentacles         ||     5
  Use: Potion            ||     3
       Scroll            ||     4
 Stab: Sleeping          ||     5
  Eat: Chunk             ||     1
Armor: Skin              ||     1
Dodge: Dodged            ||    21
Block: Kite shield       ||    16
